 Dungeon Crawl Stone Soup version 0.20.0 (webtiles) character file.

990 SpeedrunTech the Cleaver (level 7, -14/99 HPs)
             Began as a Minotaur Berserker on June 11, 2017.
             Was a Believer of Trog.
             Demolished by a two-headed ogre
             ... wielding a +0 giant club
              (22 damage)
             ... on level 8 of the Dungeon.
             The game lasted 00:00:58 (1710 turns).

SpeedrunTech the Cleaver (Minotaur Berserker)       Turns: 1710, Time: 00:00:58

Health: -14/99     AC:  3    Str: 29    XL:     7   Next: 98%
Magic:  6/6        EV: 12    Int:  4    God:    Trog [**....]
Gold:   84         SH:  0    Dex:  9    Spells: 6/6 levels left

rFire    . . .     SeeInvis .   a - +0 hand axe
rCold    . . .     Gourm    .   (no shield)
rNeg     . . .     Faith    .   b - +0 animal skin
rPois    .         Spirit   .   (helmet restricted)
rElec    .         Reflect  .   (no cloak)
rCorr    .         Harm     .   (no gloves)
MR       .....                  m - +0 pair of boots (curse)
Stlth    ..........             (no amulet)
Regen    0.3/turn               (no ring)
MPRegen  0.1/turn               (no ring)

@: berserking, very quick
A: retaliatory headbutt, horns 2
a: Berserk, Trog's Hand, Burn Spellbooks, Renounce Religion


You were on level 8 of the Dungeon.
You worshipped Trog.
Trog was pleased with you.
You were very hungry.

You visited 1 branch of the dungeon, and saw 8 of its levels.

You collected 84 gold pieces.

Inventory:

Hand Weapons
 a - a +0 hand axe (weapon)
Armour
 b - a +0 animal skin (worn)
 m - a cursed +0 pair of boots (worn)
Wands
 e - a wand of acid (7/15)
Scrolls
 d - 2 scrolls of blinking {unknown}
 g - 2 scrolls of identify {unknown}
Potions
 f - a potion of flight {unknown}
 i - 2 potions of lignification {unknown}
 j - a potion of magic {unknown}
 l - a potion of heal wounds {unknown}
 n - a potion of brilliance {unknown}
 o - a potion of invisibility {unknown}
Comestibles
 c - a bread ration
 h - a royal jelly
 k - 4 chunks of flesh


   Skills:
 + Level 7.2 Fighting
 * Level 9.7 Axes
 - Level 2.4 Armour
 - Level 2.1 Dodging


You had 6 spell levels left.
You didn't know any spells.

Dungeon Overview and Level Annotations

Branches:
Dungeon (8/15)
 Temple: D:4-7         Lair: D:8-11

Altars:
Makhleb


Innate Abilities, Weirdness & Mutations

You reflexively headbutt those who attack you in melee.
You have a pair of horns on your head.


Message History

The two-headed ogre is lightly wounded.
The two-headed ogre hits you with a giant club!
* * * LOW HITPOINT WARNING * * *
The two-headed ogre hits you with a giant club!
* * * LOW HITPOINT WARNING * * *
You are too injured to fight recklessly!
Unknown command.
You hit the two-headed ogre.
The two-headed ogre is moderately wounded.
You are too injured to fight recklessly!
Unknown command.
You closely miss the two-headed ogre.
You headbutt the two-headed ogre, but do no damage.
The two-headed ogre is moderately wounded.
You are too injured to fight recklessly!
Unknown command.
You barely miss the two-headed ogre.
The two-headed ogre is moderately wounded.
The two-headed ogre hits you with a giant club!!
You die...

##### #$........#
....# #......?..#
....# #.........#
....# #.........#
....# #.........#
....# ######.........#
....##..........O....#
.()....# #@# ..<..###
#.# ......# #.#
..(.### #.# ..).# #.#
<##(# #.# .##)# #[#
..))# #.# ..))# #.#


You could see a two-headed ogre.

Vanquished Creatures
  A hippogriff (D:7)
  2 orc warriors (D:8)
  A sky beast (D:5)
  An ice beast (D:6)
  An ogre (D:8)
  A big kobold (D:8)
  A bullfrog (D:3)
  A scorpion (D:4)
  An orc priest (D:5)
  An iguana (D:8)
  3 orc wizards
  2 adders
  An ooze (D:5)
  2 leopard geckos
  7 orcs
  A bat (D:2)
  A goblin (D:1)
  2 hobgoblins
  4 kobolds
  A quokka (D:5)
  A frilled lizard (D:5)
  A jackal skeleton (D:4)
37 creatures vanquished.

Notes
Turn   | Place    | Note
-------+----------+-------------------------------------------
     0 | D:1      | SpeedrunTech the Minotaur Berserker began the quest for the Orb.
     0 | D:1      | Reached XP level 1. HP: 19/19 MP: 0/0
   303 | D:3      | Reached skill level 4 in Axes
   308 | D:3      | Reached XP level 2. HP: 15/27 MP: 1/1
   722 | D:3      | Noticed a bullfrog
   731 | D:3      | Killed a bullfrog
   731 | D:3      | Reached skill level 5 in Axes
   731 | D:3      | Reached XP level 3. HP: 32/34 MP: 2/2
   731 | D:3      | Reached XP level 4. HP: 39/41 MP: 3/3
   850 | D:4      | Reached skill level 6 in Axes
   851 | D:4      | Reached skill level 5 in Fighting
   851 | D:4      | Reached XP level 5. HP: 48/48 MP: 4/4
   948 | D:5      | Entered Level 5 of the Dungeon
   969 | D:5      | Noticed a sky beast
   976 | D:5      | Killed a sky beast
   981 | D:5      | Reached skill level 7 in Axes
   981 | D:5      | Reached XP level 6. HP: 56/56 MP: 5/5
  1157 | D:6      | Noticed an ice beast
  1167 | D:6      | Killed an ice beast
  1168 | D:6      | Found a burning altar of Makhleb.
  1314 | D:7      | Noticed a hippogriff
  1320 | D:7      | Killed a hippogriff
  1320 | D:7      | Reached skill level 8 in Axes
  1320 | D:7      | Reached XP level 7. HP: 63/63 MP: 6/6
  1389 | D:8      | Reached ** piety under Trog
  1397 | D:8      | Reached skill level 9 in Axes
  1701 | D:8      | Noticed a two-headed ogre
  1707 | D:8      | HP: 8/99 [two-headed ogre/giant club (11)]
  1710 | D:8      | Demolished by a two-headed ogre

Skill      XL: |  1  2  3  4  5  6  7 |
---------------+----------------------+-----
Axes           | 4 5 6 7 8 9 |  9.7
Fighting       | 4 5 6 7 |  7.2
Armour         | |  2.4
Dodging        | |  2.1

Action                   |  1- 3 |  4- 6 |  7- 9 || total
-------------------------+-------+-------+-------++-------
Melee: Hand axe          |    17 |    43 |    38 ||    98
       Headbutt          |     4 |     6 |    10 ||    20
Invok: Berserk           |     1 |     4 |     2 ||     7
       Burn Spellbooks   |       |       |     1 ||     1
  Eat: Chunk             |       |     4 |       ||     4
       Bread ration      |       |     1 |       ||     1
Armor: Animal skin       |     3 |     6 |     2 ||    11
Dodge: Dodged            |    16 |    22 |    16 ||    54
